 Dungeon Sprint DCSS version 0.32-a0-791-gfc315c9ecd (webtiles) character file.

Game seed: 16346737075064942763

12973 Pestilence the Blocker (level 12, -10/105 HPs)
             Began as a Gnoll Fighter on Mar 21, 2024.
             Was a High Priest of Okawaru.
             Killed by divine providence
             ... invoked by an orc high priest
              (12 damage)
             ... in the Dungeon (Sprint IX: "|||||||||||||||||||||||||||||").
             The game lasted 00:09:06 (2657 turns).

Pestilence the Blocker (Gnoll Fighter)              Turns: 2657, Time: 00:09:07

Health: -10/105    AC: 25    Str: 19    XL:     12   Next: 1%
Magic:  27/27      EV: 14    Int:  9    God:    Okawaru [*****.]
Gold:   1277       SH:  8    Dex: 15    Spells: 34/34 levels left

rFire   . . .        m - +4 scimitar (holy)
rCold   . . .        c - +0 buckler
rNeg    . . .        w - +0 plate armour
rPois   .            g - +0 helmet
rElec   .            n - +0 cloak
rCorr   .            t - +0 pair of gloves
SInv    .            a - +0 pair of boots
Will    .....        (no amulet)
Stlth   ++           p - +2 ring of evasion
HPRegen 0.37/turn    q - +3 ring of dexterity
MPRegen 0.20/turn

%: no teleportation
@: heroic
A: fangs 1, strong nose, distributed training
a: Renounce Religion, Heroism, Finesse


You were in the Dungeon.
You worshipped Okawaru.
Okawaru was extremely pleased with you.
You visited 1 branch You collected 1277 gold pieces.

Inventory:

Hand Weapons
 m - a +4 scimitar of holy wrath (weapon)
Armour
 a - a +0 pair of boots (worn)
 c - a +0 buckler (worn)
 g - a +0 helmet (worn)
 n - a +0 cloak (worn)
 t - a +0 pair of gloves (worn)
 w - a +0 plate armour (worn)
Jewellery
 p - a +2 ring of evasion (left hand)
 q - a +3 ring of dexterity (right hand)
Wands
 l - a wand of roots (9)
Scrolls
 f - a scroll of enchant weapon
 j - a scroll of blinking
 k - 2 scrolls of amnesia
 s - 2 scrolls of enchant armour
 u - 2 scrolls of fog
 v - a scroll of identify
Potions
 b - a potion of mutation
 d - 2 potions of brilliance
 h - 4 potions of magic
 i - a potion of invisibility
 r - a potion of resistance


   Skills:
 + Level 13.1(18.1) Fighting
 + Level 11.5(16.5) Short Blades
 + Level 12.3(17.3) Long Blades
 + Level 11.5(16.5) Axes
 + Level 11.5(16.5) Maces & Flails
 + Level 11.5(16.5) Polearms
 + Level 11.5(16.5) Staves
 + Level 11.5(16.5) Ranged Weapons
 + Level 11.5(16.5) Throwing
 + Level 13.1(18.1) Armour
 + Level 11.5(16.5) Dodging
 + Level 11.5(16.5) Stealth
 + Level 13.1(18.1) Shields
 + Level 11.5(16.5) Unarmed Combat
 + Level 11.5 Spellcasting
 + Level 9.7 Conjurations
 + Level 9.7 Hexes
 + Level 9.7 Summonings
 + Level 9.7 Necromancy
 + Level 9.7 Translocations
 + Level 9.7 Fire Magic
 + Level 9.7 Ice Magic
 + Level 9.7 Air Magic
 + Level 9.7 Earth Magic
 + Level 9.7 Alchemy
 + Level 12.5 Invocations
 + Level 11.5 Evocations
 + Level 10.5 Shapeshifting


You had 34 spell levels left.
You didn't know any spells.
Your spell library contained the following spells:

 Spells                   Type           Power      Damage    Failure   Level
 Sigil of Binding         Hex            22%        N/A       8%          3
 Death Channel            Necr           Unusable   N/A       N/A         6
 Sculpt Simulacrum        Ice/Alch       Unusable   N/A       N/A         6

Dungeon Overview and Level Annotations

Branches:
Dungeon (1/1)

Altars:
Cheibriados
Dithmenos
Elyvilon
Fedhas
Gozag
Hepliaklqana
Kikubaaqudgha
Makhleb
Nemelex Xobeh
Okawaru
Qazlal
Ru
Sif Muna
Trog
Uskayaw
Vehumet
Wu Jian
Xom
Yredelemnul
Zin
The Shining One
Beogh
Jiyva
Lugonu

Shops:
D [=


Innate Abilities, Weirdness & Mutations

You have very sharp teeth.
Your uncanny sense of smell can sniff out nearby items.
Your experience applies equally to all skills.


Message History

You barely miss the orc priest.
The orc priest invokes the aid of Beogh against you.
Beogh smites you! The orc priest barely misses you.
An orc high priest comes into view. It is wielding a +0 battleaxe.
The orc high priest shouts!
You slash the orc priest!
The orc priest is almost dead.
The orc priest calls upon Beogh to heal the orc priest.
The orc priest is healed somewhat.
The orc priest mumbles some strange prayers to Beogh against you.
You resist with significant effort.
You slash the orc priest!
You kill the orc priest!
Okawaru accepts your kill.
The orc priest mumbles some strange prayers to Beogh against you.
Beogh smites you!
* * * LOW HITPOINT WARNING * * *
The orc priest mumbles some strange prayers to Beogh against you.
Beogh smites you!
* * * LOW HITPOINT WARNING * * *
Items here: $ )) [.
You closely miss the orc priest.
You bite the orc priest, but do no damage.
The orc priest calls down the wrath of Beogh upon you.
Beogh smites you!
* * * LOW HITPOINT WARNING * * *
You slash the orc priest!
The orc priest is severely wounded.
You block the orc priest's attack.
You slash the orc priest!
You kill the orc priest!
Okawaru accepts your kill.
The orc priest invokes the aid of Beogh against you.
Beogh smites you!
* * * LOW HITPOINT WARNING * * *
Items here: $ )) [[ †.
There is an open door to Orc:2 here.
The orc high priest invokes the aid of Beogh against you.
Beogh smites you!
You die...

▓_▓.▓'▓.▓)▓
∆
▓_▓.▓†▓.▓.▓
▓_▓.▓.▓.▓.▓
∆
▓_▓.▓.▓.▓.▓
∆
▓_▓.▓.▓.▓.▓
∆
▓_▓.▓.▓.▓.▓
∆
▓_▓.▓.▓.▓.▓
▓_▓.▓.▓[▓.▓
∆
▓_▓.▓.▓.▓@▓
∆
▓_▓.▓.▓.▓'▓
∆
▓'▓.▓(▓.▓$▓
∆
▓.▓.▓†▓.▓o▓
▓.▓.▓†▓.▓$▓
▓)▓.▓.▓.▓$▓
▓.▓.▓.▓.▓o▓
▓.▓.▓.▓.▓o▓
▓.▓.▓.▓.▓.▓


You could see an orc high priest and 2 orc priests.

Vanquished Creatures
  A stone giant (D)
  6 death yaks (D)
  An orc high priest (D)
  A skyshark (D)
  2 orc knights (D)
  An orc sorcerer (D)
  An ugly thing (D)
  An elephant (D)
  A black mamba (D)
  An unseen horror (D)
  2 cane toads (D)
  3 komodo dragons (D)
  A tengu conjurer (D)
  A slime creature (D)
  A spriggan (shapeshifter) (D)
  2 wraiths (D)
  7 yaks (D)
  A water moccasin (D)
  9 orc warriors (D)
  2 centaurs (D)
  An ogre (D)
  2 wolves (D)
  4 bullfrogs (D)
  A wight (D)
  A hound (D)
  A jelly (D)
  7 orc priests (D)
  An orc wizard (D)
  9 orcs (D)
  A ball python (D)
  An endoplasm (D)
  A goblin (D)
  A jackal (D)
  A kobold (D)
  A rat (D)
78 creatures vanquished.

Notes
Turn   | Place    | Note
-------+----------+-------------------------------------------
     0 | D        | Pestilence the Gnoll Fighter began the quest for the Orb.
     0 | D        | Reached XP level 1. HP: 23/23 MP: 1/1
    11 | D        | Reached skill level 1 in Invocations
    20 | D        | Reached skill level 1 in Short Blades
    20 | D        | Reached skill level 1 in Axes
    20 | D        | Reached skill level 1 in Maces & Flails
    20 | D        | Reached skill level 1 in Polearms
    20 | D        | Reached skill level 1 in Staves
    20 | D        | Reached skill level 1 in Ranged Weapons
    20 | D        | Reached skill level 1 in Throwing
    20 | D        | Reached skill level 1 in Dodging
    20 | D        | Reached skill level 1 in Stealth
    20 | D        | Reached skill level 1 in Unarmed Combat
    20 | D        | Reached skill level 1 in Spellcasting
    20 | D        | Reached skill level 1 in Evocations
    33 | D        | Noticed a jelly
    33 | D        | Noticed a hound
    33 | D        | Noticed an ogre
    43 | D        | Killed a jelly
    44 | D        | Reached skill level 5 in Long Blades
    44 | D        | Reached skill level 1 in Conjurations
    44 | D        | Reached skill level 1 in Hexes
    44 | D        | Reached skill level 1 in Summonings
    44 | D        | Reached skill level 1 in Necromancy
    44 | D        | Reached skill level 1 in Translocations
    44 | D        | Reached skill level 1 in Fire Magic
    44 | D        | Reached skill level 1 in Ice Magic
    44 | D        | Reached skill level 1 in Air Magic
    44 | D        | Reached skill level 1 in Earth Magic
    44 | D        | Reached skill level 1 in Alchemy
    44 | D        | Reached skill level 1 in Shapeshifting
    44 | D        | Reached XP level 2. HP: 21/29 MP: 3/5
    44 | D        | Reached XP level 3. HP: 26/35 MP: 3/6
    50 | D        | Killed an ogre
    51 | D        | Reached XP level 4. HP: 29/43 MP: 3/8
    51 | D        | Reached XP level 5. HP: 32/48 MP: 3/9
   149 | D        | Found a roughly hewn altar of Beogh.
   149 | D        | Found a snail-covered altar of Cheibriados.
   149 | D        | Found a shadowy altar of Dithmenos.
   149 | D        | Found a white marble altar of Elyvilon.
   149 | D        | Found a blossoming altar of Fedhas.
   149 | D        | Found an opulent altar of Gozag.
   150 | D        | Found a hazy altar of Hepliaklqana.
   151 | D        | Found a viscous altar of Jiyva.
   152 | D        | Found an ancient bone altar of Kikubaaqudgha.
   153 | D        | Found a corrupted altar of Lugonu.
   154 | D        | Found a burning altar of Makhleb.
   155 | D        | Found a sparkling altar of Nemelex Xobeh.
   156 | D        | Found an iron altar of Okawaru.
   157 | D        | Found a stormy altar of Qazlal.
   158 | D        | Found a sacrificial altar of Ru.
   159 | D        | Found a shimmering blue altar of Sif Muna.
   160 | D        | Found a bloodstained altar of Trog.
   161 | D        | Found a hide-covered altar of Uskayaw.
   162 | D        | Found a radiant altar of Vehumet.
   163 | D        | Found an ornate altar of the Wu Jian Council.
   164 | D        | Became a worshipper of Warmaster Okawaru
   165 | D        | Found a shimmering altar of Xom.
   166 | D        | Found a basalt altar of Yredelemnul.
   167 | D        | Found a glowing silver altar of Zin.
   168 | D        | Found a glowing golden altar of the Shining One.
   223 | D        | Noticed a centaur
   223 | D        | Noticed a yak
   223 | D        | Noticed a wraith
   223 | D        | Noticed a centaur
   223 | D        | Noticed a yak
   240 | D        | Killed a yak
   240 | D        | Reached * piety under Okawaru
   241 | D        | Reached skill level 5 in Invocations
   241 | D        | Reached XP level 6. HP: 31/56 MP: 11/13
   244 | D        | Killed a wraith
   245 | D        | Reached skill level 5 in Short Blades
   245 | D        | Reached skill level 5 in Axes
   245 | D        | Reached skill level 5 in Maces & Flails
   245 | D        | Reached skill level 5 in Polearms
   245 | D        | Reached skill level 5 in Staves
   245 | D        | Reached skill level 5 in Ranged Weapons
   245 | D        | Reached skill level 5 in Throwing
   245 | D        | Reached skill level 5 in Dodging
   245 | D        | Reached skill level 5 in Stealth
   245 | D        | Reached skill level 5 in Unarmed Combat
   245 | D        | Reached skill level 5 in Spellcasting
   245 | D        | Reached skill level 5 in Evocations
   245 | D        | Reached XP level 7. HP: 21/63 MP: 11/15
   249 | D        | Reached ** piety under Okawaru
   250 | D        | Reached skill level 5 in Shapeshifting
   258 | D        | Killed a yak
   259 | D        | Reached skill level 5 in Conjurations
   259 | D        | Reached skill level 5 in Hexes
   259 | D        | Reached skill level 5 in Summonings
   259 | D        | Reached skill level 5 in Necromancy
   259 | D        | Reached skill level 5 in Translocations
   259 | D        | Reached skill level 5 in Fire Magic
   259 | D        | Reached skill level 5 in Ice Magic
   259 | D        | Reached skill level 5 in Air Magic
   259 | D        | Reached skill level 5 in Earth Magic
   259 | D        | Reached skill level 5 in Alchemy
   398 | D        | Noticed a wraith
   398 | D        | Noticed a dream sheep
   398 | D        | Noticed a brown ugly thing
   398 | D        | Noticed a slime creature
   398 | D        | Noticed a tengu conjurer
   401 | D        | Killed a wraith
   402 | D        | Reached XP level 8. HP: 71/71 MP: 17/17
   408 | D        | a dream sheep changed into a komodo dragon
   408 | D        | Noticed a komodo dragon (shapeshifter)
   409 | D        | a komodo dragon changed into a polar bear
   409 | D        | Noticed a polar bear (shapeshifter)
   410 | D        | a polar bear changed into a spriggan
   410 | D        | Noticed a spriggan (shapeshifter)
   425 | D        | Killed a spriggan
   431 | D        | Killed an unseen horror
   431 | D        | Reached *** piety under Okawaru
   448 | D        | Killed a brown ugly thing
   449 | D        | Reached skill level 10 in Fighting
   449 | D        | Reached skill level 10 in Armour
   449 | D        | Reached skill level 10 in Shields
   449 | D        | Reached XP level 9. HP: 36/78 MP: 17/20
   452 | D        | Reached **** piety under Okawaru
   455 | D        | Killed a tengu conjurer
   572 | D        | Noticed a komodo dragon
   581 | D        | Noticed a cane toad
   584 | D        | Killed a komodo dragon
   611 | D        | Killed a cane toad
   611 | D        | Reached ***** piety under Okawaru
   616 | D        | Reached XP level 10. HP: 40/86 MP: 22/22
   758 | D        | Noticed a skyshark
   758 | D        | Noticed a black mamba
   758 | D        | Noticed an elephant
   781 | D        | Noticed a cane toad
   788 | D        | Received a gift from Okawaru
   789 | D        | Reached skill level 10 in Long Blades
  1019 | D        | Killed a skyshark
  1020 | D        | Reached skill level 10 in Invocations
  1030 | D        | Killed an elephant
  1043 | D        | Killed a black mamba
  1207 | D        | Killed a cane toad
  1233 | D        | Noticed a death yak
  1233 | D        | Noticed a death yak
  1233 | D        | Noticed a death yak
  1233 | D        | Noticed a death yak
  1234 | D        | Noticed a death yak
  1241 | D        | Noticed a death yak
  1244 | D        | Killed a death yak
  1251 | D        | Killed a death yak
  1252 | D        | Reached skill level 10 in Short Blades
  1252 | D        | Reached skill level 10 in Axes
  1252 | D        | Reached skill level 10 in Maces & Flails
  1252 | D        | Reached skill level 10 in Polearms
  1252 | D        | Reached skill level 10 in Staves
  1252 | D        | Reached skill level 10 in Ranged Weapons
  1252 | D        | Reached skill level 10 in Throwing
  1252 | D        | Reached skill level 10 in Dodging
  1252 | D        | Reached skill level 10 in Stealth
  1252 | D        | Reached skill level 10 in Unarmed Combat
  1252 | D        | Reached skill level 10 in Spellcasting
  1252 | D        | Reached skill level 10 in Evocations
  1252 | D        | Reached XP level 11. HP: 52/95 MP: 22/25
  1391 | D        | Killed a death yak
  1408 | D        | Killed a death yak
  1421 | D        | Killed a death yak
  1432 | D        | Killed a death yak
  1432 | D        | Received a gift from Okawaru
  1654 | D        | Noticed a stone giant
  1677 | D        | Killed a stone giant
  1678 | D        | Reached skill level 10 in Shapeshifting
  1832 | D        | Noticed an orc knight
  1839 | D        | Noticed an orc sorcerer
  1859 | D        | Killed an orc knight
  1859 | D        | Received a gift from Okawaru
  1868 | D        | Killed an orc sorcerer
  1879 | D        | Noticed an orc knight
  2333 | D        | Killed an orc knight
  2336 | D        | HP: 4/98 [poisoned by an orc knight]
  2633 | D        | Found Jyse's Armour Emporium.
  2633 | D        | Noticed an orc high priest
  2639 | D        | Killed an orc high priest
  2640 | D        | Reached XP level 12. HP: 77/105 MP: 25/27
  2644 | D        | Found Ittuir's Jewellery Shoppe.
  2648 | D        | Noticed an orc high priest
  2655 | D        | HP: 1/105 [orc priest/divine providence (9)]
  2657 | D        | Killed from afar by an orc high priest

Illustrated notes

Levels and vault maps discovered:
D:        linesprint [early_d, line_temple, items_1, d_10, items_2, lair_1,
          lair_end, items_3, orc_1, orc_end, items_4, d_15, swamp_1, shoals_1,
          snake_1, spider_1, d_20, vaults_1, items_5, swamp_end, shoals_end,
          snake_end, spider_end, vaults_end, d_27, items_6, zot_1, zot_end,
          crypt_end, forest_end, elf_end, slime_end, tomb_end, abyss_end,
          pan_hell_end]

Skill      XL: |  1  2  3  4  5  6  7  8  9 10 11 |
---------------+----------------------------------+-----
Invocations    | 2 3 5 6 7 8 9 10 12 | 12.5
Short Blades   | 2 3 4 5 6 7 8 10 11 | 11.5
Axes           | 2 3 4 5 6 7 8 10 11 | 11.5
Maces & Flails | 2 3 4 5 6 7 8 10 11 | 11.5
Polearms       | 2 3 4 5 6 7 8 10 11 | 11.5
Staves         | 2 3 4 5 6 7 8 10 11 | 11.5
Ranged Weapons | 2 3 4 5 6 7 8 10 11 | 11.5
Throwing       | 2 3 4 5 6 7 8 10 11 | 11.5
Dodging        | 2 3 4 5 6 7 8 10 11 | 11.5
Stealth        | 2 3 4 5 6 7 8 10 11 | 11.5
Unarmed Combat | 2 3 4 5 6 7 8 10 11 | 11.5
Spellcasting   | 2 3 4 5 6 7 8 10 11 | 11.5
Evocations     | 2 3 4 5 6 7 8 10 11 | 11.5
Long Blades    | 5 6 7 8 9 11 12 | 12.3
Conjurations   | 1 2 4 5 6 7 8 9 |  9.7
Hexes          | 1 2 4 5 6 7 8 9 |  9.7
Summonings     | 1 2 4 5 6 7 8 9 |  9.7
Necromancy     | 1 2 4 5 6 7 8 9 |  9.7
Translocations | 1 2 4 5 6 7 8 9 |  9.7
Fire Magic     | 1 2 4 5 6 7 8 9 |  9.7
Ice Magic      | 1 2 4 5 6 7 8 9 |  9.7
Air Magic      | 1 2 4 5 6 7 8 9 |  9.7
Earth Magic    | 1 2 4 5 6 7 8 9 |  9.7
Alchemy        | 1 2 4 5 6 7 8 9 |  9.7
Shapeshifting  | 1 2 4 5 6 7 9 10 | 10.5
Fighting       | 7 8 9 10 11 13 | 13.1
Armour         | 7 8 9 10 11 13 | 13.1
Shields        | 7 8 9 10 11 13 | 13.1

Action                     |  1- 3 |  4- 6 |  7- 9 | 10-12 || total
---------------------------+-------+-------+-------+-------++-------
  Melee: Long sword        |    25 |     3 |       |       ||    28
         Bite              |     3 |     3 |    16 |    48 ||    70
         Scimitar          |       |    17 |   105 |   320 ||   442
 Invoke: Heroism           |       |       |     1 |     7 ||     8
         Finesse           |       |       |       |     2 ||     2
  Evoke: Wand              |       |       |     1 |       ||     1
    Use: Potion            |     1 |     1 |     4 |     7 ||    13
         Scroll            |       |       |     2 |     1 ||     3
   Stab: Distracted        |       |       |       |     1 ||     1
 Armour: Scale mail        |     8 |     2 |       |       ||    10
         Chain mail        |       |    15 |    43 |   105 ||   163
         Plate armour      |       |       |       |    17 ||    17
  Dodge: Dodged            |     6 |    15 |    32 |    98 ||   151
  Block: Buckler           |     8 |     2 |    25 |    62 ||    97

Table legend: (Time is in decaauts)
 A = Elapsed time spent in this place.
 B = Non-inter-level travel time spent in this place.
 C = Inter-level travel time spent in this place.
 D = Time resting spent in this place.
 E = Time spent auto-exploring this place.
 F = Levels seen in this place.
 G = Mean time per level.
                   A        B        C        D        E       F      G
               +--------+--------+--------+--------+--------+-----+--------+
         Total |   2530 |   2530 |      0 |   1491 |    101 |   1 | 2530.0 |
       Dungeon |   2530 |   2530 |      0 |   1491 |    101 |   1 | 2530.0 |
               +--------+--------+--------+--------+--------+-----+--------+

Top non-repeatable levels by time:
       D: 2530 daAuts
